Cogmind - Beta 14 @@@ ROGUE MODE // 2024.08.07 @ 16:27:00 Player: CrossedViper Result: Destroyed by G-73 Enforcer with Phase Gun Performance ------------- Evolutions (6) 3000 Regions Visited (15) 3000 Robots Destroyed (401) 2005 Value Destroyed (15950) 15950 Prototype IDs (30) 600 Alien Tech Used (0) 0 Bonus (3592) 3592 TOTAL SCORE: 28147 Bonus ------- Triggered High Security 500 High Alert Combat Kills 5531 Follower Combat Kills 1922 Network Hubs Disabled 200 Built Enhanced Grunts 300 A7 Reached Mainframe 300 Met R17 at Cetus 500 Friendly Fire -5661 Cogmind --------- Core Integrity 0/1150 Matter 280/300 Energy 80/100 System Corruption 18% Temperature Cool (9) Movement Immobile (Siege) Ox1 Location -4/Factory Parts ------- > --- POWER (1) -------- (None) > --- PROPULSION (6) --- Centrium Heavy Treads Centrium Heavy Treads > --- UTILITY (9) ------ Advanced Coolant Injector Vampiric Humpback Siege Articulator Advanced Visual Processing Unit Tech Extrapolator > --- WEAPON (3) ------- Advanced KE Penetrator DM-GVY's Chainsaw > --- INVENTORY (35) --- Light Quantum Reactor Experimental EM Disruption Field Tech Extrapolator Advanced Variable Charge Gun Advanced KE Penetrator Heavy Missile Launcher CPS Tube (2) CPS Tube (2) Peak State ------------ > --- POWER ------------ Quantum Reactor > --- PROPULSION ------- Centrium Heavy Treads Centrium Heavy Treads Centrium Heavy Treads > --- UTILITY ---------- Experimental Heat Sink Vampiric Humpback Centrium Medium Armor Plating Centrium Medium Armor Plating Centrium Medium Armor Plating Centrium Medium Armor Plating Experimental EM Disruption Field Tech Extrapolator > --- WEAPON ----------- Advanced Variable Charge Gun Advanced Variable Charge Gun Advanced KE Penetrator > --- INVENTORY -------- Quantum Reactor Quantum Reactor Centrium Heavy Treads Centrium Heavy Treads Centrium Heavy Treads Ballwheel Advanced Power Amplifier Siege Articulator Siege Articulator Experimental Targeting Computer Vampiric Brace Plating Tech Extrapolator Advanced Variable Charge Gun EMDS Advanced KE Penetrator Advanced KE Penetrator Advanced KE Penetrator Advanced KE Penetrator Advanced KE Penetrator Heavy Missile Launcher Heavy Missile Launcher CPS Tube CPS Tube DM-GVY's Chainsaw Thermal Lance [Rating: 174] Favorites ----------- Power Neutrino Core Engine Cooled Ion Engine Power Core Neutrino Core Reactor Quantum Reactor Propulsion Light Treads Treads Light Treads Wheel Overtuned Huge Scrapsphere Utility Vampiric Humpback Device Siege Articulator Storage Vampiric Humpback Processor Tech Extrapolator Protection Vampiric Brace Plating Weapon Overtuned Coil Gun Energy Gun Advanced Variable Charge Gun Energy Cannon Advanced Beam Cannon Ballistic Gun Overtuned Coil Gun Ballistic Cannon Siege Cannon Launcher Heavy Missile Launcher Special Weapon CPS Tube Slashing Weapon DM-GVY's Chainsaw Piercing Weapon Thermal Lance Build | -11 -10 -10 -9 -9 -9 -9 -6 -6 -6 -5 -5 -5 -5 -5 -4 ------- Run | Yrd Mat Min Mat Sto Rec Scr Fac Low Low Fac Ext Cet Arc Hub Fac Slots Evolved 12 | . . . 2 . . . 6 . . 2 . . . . 2 Power . | . . . . . . . . . . . . . . . . Propulsion 4 | . . . 1 . . . 1 . . . . . . . 2 Utility 7 | . . . . . . . 5 . . 2 . . . . . Weapon 1 | . . . 1 . . . . . . . . . . . . Parts Attached 212 | 6 13 . 18 23 3 51 14 3 . 3 7 16 . 14 41 Power 22 | 1 2 . 2 2 . 5 3 . . 1 1 1 . 2 2 Engine 12 | 1 2 . 2 2 . 2 2 . . 1 . . . . . Core 5 | . . . . . . 3 1 . . . 1 . . . . Reactor 5 | . . . . . . . . . . . . 1 . 2 2 Propulsion 45 | 2 2 . 4 7 2 10 3 . . . . 3 . 3 9 Treads 32 | 2 . . 4 7 2 5 . . . . . 2 . 2 8 Leg . | . . . . . . . . . . . . . . . . Wheel 13 | . 2 . . . . 5 3 . . . . 1 . 1 1 Hover . | . . . . . . . . . . . . . . . . Flight . | . . . . . . . . . . . . . . . . Utility 55 | 1 3 . 1 1 1 18 6 1 . 2 1 3 . 7 10 Device 25 | . 1 . 1 1 1 9 2 . . 1 1 2 . 2 4 Storage 9 | 1 2 . . . . 6 . . . . . . . . . Processor 7 | . . . . . . 2 2 . . 1 . . . . 2 Hackware . | . . . . . . . . . . . . . . . . Protection 14 | . . . . . . 1 2 1 . . . 1 . 5 4 Artifact . | . . . . . . . . . . . . . . . . Weapon 90 | 2 6 . 11 13 . 18 2 2 . . 5 9 . 2 20 Energy Gun 6 | . . . . 2 . . . . . . 1 3 . . . Energy Cannon 20 | . 4 . 6 8 . . . . . . . . . . 2 Ballistic Gun 36 | 2 . . . 2 . 9 2 2 . . 3 3 . 1 12 Ballistic Cannon 2 | . . . . . . 2 . . . . . . . . . Launcher 13 | . 2 . 5 1 . . . . . . . . . 1 4 Special Weapon 6 | . . . . . . 4 . . . . . 2 . . . Impact Weapon . | . . . . . . . . . . . . . . . . Slashing Weapon 5 | . . . . . . 3 . . . . 1 . . . 1 Piercing Weapon 2 | . . . . . . . . . . . . 1 . . 1 Special Melee Weapon . | . . . . . . . . . . . . . . . . Unidentified Prototypes 18 | . . . 1 5 . 4 1 . . . . 4 . 2 1 Parts Lost 39 | . . . . . . 6 6 . . 1 3 . . 3 20 Power 6 | . . . . . . 1 2 . . 1 . . . 1 1 Propulsion 7 | . . . . . . 2 . . . . . . . . 5 Utility 12 | . . . . . . 2 . . . . 1 . . 2 7 Weapon 14 | . . . . . . 1 4 . . . 2 . . . 7 Highest Loss Streak 6 | . . . . . . 2 4 . . 1 2 . . 2 6 To Critical Strikes . | . . . . . . . . . . . . . . . . Average Slot Usage (%) 77 | . 91 100 100 99 100 74 72 66 66 69 69 63 58 70 70 Engine 6 | . 14 14 11 11 11 6 2 . . . 4 . . . . Core 2 | . . . . . . 4 3 6 6 4 . 1 . . . Treads 18 | . 14 . 33 33 33 21 . . . . . 1 . 5 11 Wheel 4 | . 13 28 . . . 2 13 13 13 11 11 5 5 2 1 Device 7 | . 6 14 11 10 11 4 13 6 6 11 11 9 5 6 16 Storage 6 | . 14 14 11 11 11 5 6 6 6 5 5 5 5 5 5 Processor 3 | . . . . . . 3 6 6 6 11 11 11 11 7 5 Protection 2 | . . . . . . 1 5 6 6 5 5 5 5 16 8 Energy Cannon 5 | . 11 28 30 32 33 2 . . . . . . . . . Ballistic Gun 12 | . 15 . . . . 14 19 20 20 17 11 14 5 4 10 Ballistic Cannon 1 | . . . . . . 3 . . . . . . . . . Special Weapon 1 | . . . . . . 2 . . . . . . . . . Slashing Weapon 2 | . . . . . . 3 . . . . 2 . . . . Peak Build Rating 174 | 6 11 11 17 22 21 60 93 95 95 103 101 124 124 158 174 Average Rating 52 | 4 8 11 15 19 21 41 89 94 95 102 98 112 124 138 148 On Entrance 63 | . 6 11 11 17 21 21 60 80 95 95 100 100 124 124 144 Naked Turns . | . . . . . . . . . . . . . . . . Heaviest Build 271 | 12 34 34 41 41 41 229 243 244 244 245 251 259 256 266 271 Greatest Support 240 | 40 40 32 60 60 60 60 40 40 40 40 40 160 35 160 240 Greatest Overweight (x) 11 | . 1 1 . . . 11 6 6 6 6 6 7 7 7 7 Average Overweight (x) 2 | . . 1 . . . 1 5 5 6 5 5 6 7 6 3 Largest Inventory Capacity 35 | 8 15 15 15 15 15 35 35 35 35 35 35 35 35 35 35 Average Capacity 20 | 7 8 15 15 15 15 17 35 35 35 35 35 35 35 35 35 Most Carried 35 | 1 15 15 15 15 15 35 35 33 33 32 31 35 35 35 35 Average Carried 16 | . 5 14 14 14 15 12 31 32 33 31 28 32 35 34 24 Final Capacity 35 | 8 15 15 15 15 15 35 35 35 35 35 35 35 35 35 35 Final Carried 35 | 1 15 15 15 15 15 35 34 33 33 31 28 35 35 35 8 Class Distribution -------------------- 14% | Scavenger-Skirmisher 12% | Hauler-Gunner 12% | Hauler-Mutant 9% | Scavenger-Scrapper 8% | Commander-Gunner 8% | Scavenger-Mutant 8% | Scavenger-Tank 6% | Gunner 5% | Mutant 5% | Hauler-Scrapper 4% | Tank Dominant Class ---------------- Mutant | -10/Materials Mutant | -10/Mines Gunner | -9/Materials Gunner | -9/Storage Commander-Gunner | -9/Recycling Scavenger-Skirmisher | -9/Scraptown Scavenger-Scrapper | -6/Factory Hauler-Scrapper | -6/Lower Caves Hauler-Scrapper | -6/Lower Caves Scavenger-Scrapper | -5/Factory Hauler-Scrapper | -5/Extension Hauler-Scrapper | -5/Cetus Hauler-Gunner | -5/Archives Scavenger-Tank | -5/Hub_04(d) Scavenger-Tank | -4/Factory Resources | -11 -10 -10 -9 -9 -9 -9 -6 -6 -6 -5 -5 -5 -5 -5 -4 ----------- Run | Yrd Mat Min Mat Sto Rec Scr Fac Low Low Fac Ext Cet Arc Hub Fac Matter Collected 15500 | 217 391 17 201 369 34 8869 1133 94 75 501 712 318 26 252 2291 Remotely . | . . . . . . . . . . . . . . . . Salvage Created 20723 | . 704 27 899 1413 302 6608 1737 62 147 1112 1838 143 99 680 4952 Parts 984 | . 46 2 44 81 12 332 100 4 7 60 77 12 5 29 173 Haulers Intercepted 9 | . 2 . 3 2 . . 1 . . 1 . . . . . Recyclers Shooed 12 | . 1 . 1 1 1 . 1 . . 1 2 . . . 4 Parts Field Recycled . | . . . . . . . . . . . . . . . . Retrieved Matter . | . . . . . . . . . . . . . . . . Parts Self-Destructed 4 | . . . . . . . . 4 . . . . . . . Prevented . | . . . . . . . . . . . . . . . . Kills | -11 -10 -10 -9 -9 -9 -9 -6 -6 -6 -5 -5 -5 -5 -5 -4 ------- Run | Yrd Mat Min Mat Sto Rec Scr Fac Low Low Fac Ext Cet Arc Hub Fac Combat Hostiles Destroyed 337 | . 10 . 17 25 3 122 29 1 . 11 23 2 1 15 78 Melee 7 | . . . . . . . . . . . 7 . . . . Guns 132 | . 9 . . . . 3 29 1 . 11 16 2 1 8 52 Cannons 149 | . 1 . 5 21 3 118 . . . . . . . . 1 AOE 38 | . . . 12 2 . . . . . . . . . 6 18 Classes Destroyed 34 | . 5 . 4 1 . 12 5 . 2 1 2 . . . 2 Worker 11 | . 1 1 1 2 . 1 1 . . . 2 . . . 2 Builder 24 | . . . 3 3 . . 1 . . 5 2 . . . 10 Hauler 9 | . 2 . 3 2 . . 1 . . 1 . . . . . Recycler 19 | . 3 . 5 1 2 . . . . 1 3 . . . 4 Mechanic 8 | . . . . . . . . . . 1 . . . 1 6 Operator 1 | . . . . 1 . . . . . . . . . . . Turret 1 | . . . . . . 1 . . . . . . . . . Watcher 6 | . . . 2 2 . . . . . 1 . . . . 1 Swarmer 37 | . 3 . 8 3 . . 3 . . . 5 . . 4 11 Saboteur 4 | . . . . . . . . . . . 1 . . . 3 Grunt 78 | . 7 . 7 11 . . 7 . . 4 6 . . . 36 Brawler 9 | . . . 1 . . . 1 . . 1 . . . 2 4 Duelist 10 | . . . . . . . 2 . . . 2 . . 2 4 Protector 3 | . . . . . . . 1 . . . . . . 1 1 Sentry 35 | . . . 1 11 3 . 8 1 . . 5 . 1 3 2 Specialist 2 | . . . . . . . . . . . . . . . 2 Hunter 14 | . . . . . . . 4 . . 4 2 . . 1 3 Programmer 14 | . . . . . . . 2 . . 2 . . . . 10 Heavy 1 | . . . . . . . 1 . . . . . . . . Behemoth 2 | . . . . . . . . . . . 2 . . . . Cetus Guard 2 | . . . . . . . . . . . . 2 . . . Lightning 2 | . . . . . . . . . . . . . . 2 . Striker 2 | . . . . . . . . . . . . . . . 2 Bolteater 6 | . . . . . . 6 . . . . . . . . . Federalist 14 | . . . . . . 14 . . . . . . . . . Explorer 11 | . . . . . . 11 . . . . . . . . . Ranger 10 | . . . . . . 10 . . . . . . . . . Guru 11 | . . . . . . 11 . . . . . . . . . Scientist 10 | . . . . . . 10 . . . . . . . . . Scrapper 46 | . . . . . . 46 . . . . . . . . . Elite 23 | . . . . . . 23 . . . . . . . . . Scrapoid 20 | . . . . . . 20 . . . . . . . . . Zionite 1 | . . . . . . 1 . . . . . . . . . Packrat 1 | . . . . . . 1 . . . . . . . . . Samaritan 2 | . . . . . . . . . 2 . . . . . . Tinkerer 3 | . . . . . . 3 . . . . . . . . . Mutant 1 | . . . . . . . . . 1 . . . . . . Best Kill Streak 29 | . 3 1 9 5 2 26 8 1 . 4 6 2 1 8 29 Combat Bots Only 25 | . 3 . 5 3 2 25 8 1 . 3 4 2 1 7 20 Max Kills in Single Turn 5 | . 1 1 5 4 1 3 2 1 1 2 2 1 1 2 3 Gunslinging 1 | . . . . . . . 1 . . . 1 . . 1 1 Exploded 3 | . . . 3 2 . . . . . . . . . 2 1 Melee 1 | . . . . . . . . . . . 1 . . . . Uniques/NPCs Destroyed 1 | . . . . . . 1 . . . . . . . . . Triborg (-9/Scraptown) Combat | -11 -10 -10 -9 -9 -9 -9 -6 -6 -6 -5 -5 -5 -5 -5 -4 -------- Run | Yrd Mat Min Mat Sto Rec Scr Fac Low Low Fac Ext Cet Arc Hub Fac Hostile Shots Fired 1617 | . 30 1 27 31 6 212 290 18 . 75 105 17 6 174 625 Missed 453 | . 4 . 14 14 3 51 113 9 . 16 42 7 4 23 153 Damage Taken 23063 | . 376 10 195 312 44 2838 2690 52 . 1029 1372 355 52 3781 9957 Core 1415 | . 115 . 21 28 . 202 349 . . 111 47 30 . 63 449 Absorbed by Shields 110 | . . . . . . . . . . . 110 . . . . Reduced by Siege Mode 1727 | . . . . . . 671 . . . . . . . 246 810 Redirected to Shielding 72 | . . . . . . 72 . . . . . . . . . Regen/Repaired (Parts) 361 | . . . . 79 . . 140 . . 38 104 . . . . Core Remaining (%) 45 | 100 . 54 . . . 37 . . 29 . . . . 5 . Volleys Fired 917 | . 51 2 30 54 7 327 92 3 10 53 54 18 4 39 173 Largest 3 | . 2 2 3 3 3 3 3 3 3 3 3 3 3 3 3 Hottest 515 | . 136 136 204 204 204 168 96 96 96 96 96 99 195 515 515 Shots Fired 1884 | . 99 4 63 149 22 401 255 9 30 151 121 38 8 98 436 Gun 1296 | . 72 . . 5 . 121 255 9 30 151 121 34 8 91 399 Cannon 529 | . 24 4 51 143 22 274 . . . . . . . . 11 Launcher 49 | . 3 . 12 1 . . . . . . . . . 7 26 Special 10 | . . . . . . 6 . . . . . 4 . . . Kinetic 1433 | . 72 . . . . 393 255 9 30 151 121 34 4 28 336 Thermal 378 | . 24 4 51 143 22 4 . . . . . . 4 63 63 Explosive 49 | . 3 . 12 1 . . . . . . . . . 7 26 Electromagnetic 16 | . . . . 5 . . . . . . . . . . 11 Robot Hit Streak 27 | . 8 4 8 12 15 22 8 3 14 17 27 5 1 19 26 Robot Miss Streak 4 | . 4 . 4 3 1 4 4 3 3 3 4 3 3 2 3 Penetration Max 2 | . . . . . . 2 2 . . 2 1 1 . . 1 Secondary Targets 26 | . . . . . . . 5 . . 1 4 . . 1 15 Max Gunslinging Chain 2 | . . . . . . . 1 . . 1 1 . . 1 2 Shots Hit Robots 1205 | . 48 3 33 72 13 288 145 4 21 83 97 25 3 73 297 Core Hits 727 | . 23 1 34 34 5 145 63 2 6 39 58 7 3 42 265 Critical Kills 46 | . . . . 2 . 2 6 . 2 6 2 1 1 3 21 Critical Parts Destroyed 79 | . . . . . . 1 13 . 2 11 2 . . 1 49 Critical Strikes 167 | . . . . 2 . 35 19 . 4 17 11 1 1 4 73 Burn 1 | . . . . . . 1 . . . . . . . . . Meltdown 2 | . . . . 2 . . . . . . . . . . . Destroy 125 | . . . . . . 3 19 . 4 17 5 1 1 4 71 Blast 30 | . . . . . . 30 . . . . . . . . . Corrupt 2 | . . . . . . . . . . . . . . . 2 Sever 7 | . . . . . . 1 . . . . 6 . . . . Melee Attacks 47 | . . . . . . 29 . . . . 16 1 . . 1 Thermal 1 | . . . . . . . . . . . . 1 . . . Impact . | . . . . . . . . . . . . . . . . Slashing 46 | . . . . . . 29 . . . . 16 . . . 1 Piercing . | . . . . . . . . . . . . . . . . Sneak Attacks 28 | . . . . . . 26 . . . . 2 . . . . Combat Hostiles 1 | . . . . . . . . . . . 1 . . . . Follow-up Attacks . | . . . . . . . . . . . . . . . . Damage Inflicted 61525 | . 757 61 1670 1844 303 25389 4725 98 571 2750 3743 692 133 2933 15856 Guns 25047 | . 521 . . . . 1535 4485 98 571 2750 2916 692 133 1854 9492 Cannons 24993 | . 228 61 631 1593 282 21593 . . . . . . . . 605 Explosions 8227 | . . . 1034 229 . . 189 . . . . . . 1079 5696 Melee 3066 | . . . . . . 2239 . . . . 827 . . . . Ramming 170 | . 8 . 5 22 21 . 51 . . . . . . . 63 Kinetic 44003 | . 521 . . . . 23087 4485 98 571 2750 2916 692 48 499 8336 Thermal 5643 | . 228 61 631 1593 282 63 189 . . . . . 85 1355 1156 Explosive 7246 | . . . 1034 229 . . . . . . . . . 1079 4904 Electromagnetic 1397 | . . . . . . . . . . . . . . . 1397 Impact . | . . . . . . . . . . . . . . . . Slashing 3066 | . . . . . . 2239 . . . . 827 . . . . Piercing . | . . . . . . . . . . . . . . . . Highest Corruption 18 | . . . 1 1 1 . 2 2 2 1 1 2 2 10 18 Average Corruption 3 | . . . 1 1 1 . 1 2 2 1 1 1 2 8 10 Corruption Purged . | . . . . . . . . . . . . . . . . Corruption Blocked . | . . . . . . . . . . . . . . . . Effects 143 | . . . 1 15 6 . 19 3 4 2 9 8 1 15 60 Message Errors 38 | . . . 1 5 . . 6 1 1 1 3 2 . 3 15 Matter Fused 30 | . . . . 6 2 . 4 . . . 2 3 . 2 11 Heat Flow Errors 17 | . . . . . 1 . 1 . 1 1 1 . . 2 10 Energy Discharges 11 | . . . . . 1 . 1 . 1 . . 1 1 1 5 Parts Rejected 2 | . . . . . . . . . . . 1 . . 1 . Data Loss (minor) 18 | . . . . 3 1 . 3 2 1 . 2 . . 1 5 Data Loss (major) 4 | . . . . . . . 1 . . . . . . 2 1 Misfires 6 | . . . . . 1 . . . . . . . . . 5 Alerts 2 | . . . . . . . . . . . . . . . 2 Misdirections 1 | . . . . . . . . . . . . . . 1 . Weapon Failures 14 | . . . . 1 . . 3 . . . . 2 . 2 6 Overload Shots 8 | . . . . . . . . . . . . . . 6 2 Overflow Damage 3582 | . . . 9 41 16 3341 . . . . 75 . . 9 91 Projectiles 3220 | . . . 8 . 16 3196 . . . . . . . . . Explosions 119 | . . . 1 41 . . . . . . . . . 9 68 Melee 243 | . . . . . . 145 . . . . 75 . . . 23 Knockbacks 32 | . . . . . . 31 . . . . . . . . 1 Impact 1 | . . . . . . . . . . . . . . . 1 Kinetic 31 | . . . . . . 31 . . . . . . . . . Secondary . | . . . . . . . . . . . . . . . . Self-Inflicted Damage 964 | . 28 . 53 . . . 50 . . . . . . 249 584 Shots 24 | . 1 . 2 . . . 1 . . . . . . 6 14 Rammed 14 | . 3 . 2 1 3 . 2 . . . . . . . 3 Targets Rammed 15 | . 3 . 2 2 3 . 2 . . . . . . . 3 Kicked . | . . . . . . . . . . . . . . . . Crushed 1 | . . . . 1 . . . . . . . . . . . Highest Temperature 491 | . 175 150 199 198 199 328 200 196 346 200 200 200 . 411 491 Average Temperature 90 | . 62 78 95 94 100 74 106 106 142 125 65 90 . 179 72 Received Heat Transfer 3465 | . 177 6 39 111 9 790 468 . . 18 229 12 . 270 1336 Effects 15 | . . . . . . 5 2 . . 3 1 . . 4 . Energy Bleed 3 | . . . . . . . . . . 1 1 . . 1 . Interference 11 | . . . . . . 4 2 . . 2 . . . 3 . Matter Decay 1 | . . . . . . 1 . . . . . . . . . Siege Activations 55 | . . . . . . 34 . . . . . . . 1 20 Total Turns 4443 | . . . . . . 3908 . . . . . . . 95 440 Longest Duration 1649 | . . . . . . 1649 . . . . . . . 95 50 Robots Corrupted 8 | . . . . . . . . . . . . . . . 8 Combat Hostiles 6 | . . . . . . . . . . . . . . . 6 Parts Fried 19 | . . . . . . . . . . . . . . . 19 Impact Corruptions 2 | . . . . . . . . . . . . . . . 2 Robots Melted 4 | . . . . 2 . 1 . . . . . . . 1 . Combat Hostiles 4 | . . . . 2 . 1 . . . . . . . 1 . Parts Melted 16 | . . . 1 5 1 2 . . . . 1 . . 3 3 Heat Transferred 8415 | . 407 111 1110 2701 481 394 175 . . . . . 111 1530 1395 Parts Sabotaged 4 | . . . . . . . . . . . . . . . 4 Parts Stolen . | . . . . . . . . . . . . . . . . Parts Stripped . | . . . . . . . . . . . . . . . . Power Chain Reactions . | . . . . . . . . . . . . . . . . Alert | -11 -10 -10 -9 -9 -9 -9 -6 -6 -6 -5 -5 -5 -5 -5 -4 ------- Run | Yrd Mat Min Mat Sto Rec Scr Fac Low Low Fac Ext Cet Arc Hub Fac Peak Influence 2715 | . 190 68 479 696 431 . 751 . . 930 1512 1146 673 1220 2715 Initial 846 | . . 63 26 202 271 . . . . 240 455 846 458 235 597 Average 592 | . 94 67 218 370 345 . 398 . . 556 847 998 591 957 1372 Maximum Alert Level 5 | . . . 2 2 2 . 3 . . 3 4 4 2 4 5 Low Security (%) 20 | 100 100 100 48 6 . . 8 . . . . . . . . Level 1 22 | . . . 23 52 70 . 34 . . 26 . . . 6 . Level 2 26 | . . . 28 40 29 . 50 . . 45 29 . 100 17 10 Level 3 16 | . . . . . . . 7 . . 28 60 73 . 16 28 Level 4 9 | . . . . . . . . . . . 10 26 . 59 28 Level 5 2 | . . . . . . . . . . . . . . . 14 High Security 3 | . . . . . . . . . . . . . . . 17 Max Security . | . . . . . . . . . . . . . . . . Squads Dispatched 56 | . 3 . 2 3 . . 11 . . 2 5 . . 5 25 Investigation 7 | . 2 . 1 . . . 2 . . . . . . 1 1 Extermination 6 | . . . . . . . 2 . . . . . . 1 3 Reinforcement 14 | . 1 . 1 2 . . 2 . . 1 2 . . . 5 Assault 21 | . . . . 1 . . 2 . . . 3 . . 2 13 Garrison 8 | . . . . . . . 3 . . 1 . . . 1 3 Intercept . | . . . . . . . . . . . . . . . . Searches Triggered . | . . . . . . . . . . . . . . . . Construction Impeded 9 | . . . 1 . . . 1 . . 1 2 . . . 4 Haulers Reinforced . | . . . . . . . . . . . . . . . . Active Scanning Responses . | . . . . . . . . . . . . . . . . Cargo Convoy Interrupts 1 | . . . . . . . . . . . . . . . 1 Stealth | -11 -10 -10 -9 -9 -9 -9 -6 -6 -6 -5 -5 -5 -5 -5 -4 --------- Run | Yrd Mat Min Mat Sto Rec Scr Fac Low Low Fac Ext Cet Arc Hub Fac Distress Signals 20 | . 3 . 3 1 . 1 3 . . 1 1 2 . . 5 Communications Jammed . | . . . . . . . . . . . . . . . . Distress Signals . | . . . . . . . . . . . . . . . . Times Spotted 445 | . 21 2 21 24 2 94 44 1 . 15 45 10 3 23 140 Peak Tracking Total 16 | . 4 2 7 4 2 9 9 1 . 4 6 5 2 10 16 Tactical Retreats 33 | . 2 . 1 2 . 16 . . . . 3 . . . 9 Traps | -11 -10 -10 -9 -9 -9 -9 -6 -6 -6 -5 -5 -5 -5 -5 -4 ------- Run | Yrd Mat Min Mat Sto Rec Scr Fac Low Low Fac Ext Cet Arc Hub Fac Traps Triggered 11 | . . . 1 4 . . 3 . . . 1 . . . 2 Indirectly . | . . . . . . . . . . . . . . . . Trap Hack Attempts . | . . . . . . . . . . . . . . . . Triggered . | . . . . . . . . . . . . . . . . Disarmed . | . . . . . . . . . . . . . . . . Reprogrammed . | . . . . . . . . . . . . . . . . Reused . | . . . . . . . . . . . . . . . . Traps Extracted . | . . . . . . . . . . . . . . . . Installed . | . . . . . . . . . . . . . . . . Triggered . | . . . . . . . . . . . . . . . . Machines | -11 -10 -10 -9 -9 -9 -9 -6 -6 -6 -5 -5 -5 -5 -5 -4 ---------- Run | Yrd Mat Min Mat Sto Rec Scr Fac Low Low Fac Ext Cet Arc Hub Fac Machines Disabled 76 | . 1 . . 5 . 30 10 . . 7 . 1 2 4 16 Max in Single Turn 6 | . 1 . . 1 . 2 2 . . 4 . 1 1 2 6 Garrison Access 1 | . . . . . . . . . . . . . . 1 . Network Hub 1 | . . . . . . . . . . . . . . 1 . Machines Repaired . | . . . . . . . . . . . . . . . . Machines Dismantled . | . . . . . . . . . . . . . . . . Machines Sabotaged 1 | . . . . . . . . . . . . . . 1 . Overloaded Fab Kills . | . . . . . . . . . . . . . . . . Hacking | -11 -10 -10 -9 -9 -9 -9 -6 -6 -6 -5 -5 -5 -5 -5 -4 --------- Run | Yrd Mat Min Mat Sto Rec Scr Fac Low Low Fac Ext Cet Arc Hub Fac Machines Accessed 52 | . 6 . 4 10 8 4 7 . . 1 7 . . 3 2 Terminals 32 | . 4 . 3 8 1 . 3 . . 1 7 . . 3 2 Fabricators 2 | . . . . . . . 2 . . . . . . . . Repair Stations 2 | . . . . 2 . . . . . . . . . . . Recycling Units 9 | . 2 . . . 7 . . . . . . . . . . Scanalyzers 2 | . . . 1 . . . 1 . . . . . . . . Garrison Access 1 | . . . . . . . 1 . . . . . . . . Total Hacks 118 | . 13 . 15 21 9 19 11 . . 2 10 . . 10 8 Successful 72 | . 6 . 11 10 8 19 6 . . 1 6 . . 5 . Failed 45 | . 6 . 4 11 1 . 5 . . 1 4 . . 5 8 Catastrophic 12 | . 1 . . 3 . . . . . 1 3 . . 1 3 Database Lockouts 1 | . 1 . . . . . . . . . . . . . . Manual 66 | . 13 . 14 10 8 . 1 . . . 1 1 . 10 8 Terminals 74 | . 11 . 11 17 2 . 3 . . 2 10 . . 10 8 Fabricators 5 | . . . . . . . 5 . . . . . . . . Repair Stations 4 | . . . . 4 . . . . . . . . . . . Recycling Units 9 | . 2 . . . 7 . . . . . . . . . . Scanalyzers 6 | . . . 4 . . . 2 . . . . . . . . Garrison Access 1 | . . . . . . . 1 . . . . . . . . Terminal Hacks 45 | . 3 . 6 5 1 19 2 . . 1 6 . . 2 . Record 12 | . . . . . . 12 . . . . . . . . . Part Schematic 2 | . . . 2 . . . . . . . . . . . . Robot Analysis 9 | . 1 . 2 . . 6 . . . . . . . . . Prototype ID Bank 1 | . . . . . . . . . . 1 . . . . . Open Door 6 | . . . . 2 . . . . . . 4 . . . . Level Access Points 1 | . . . . . . . . . . . . . . 1 . Branch Access Points 3 | . 1 . 1 . . . 1 . . . . . . . . Terminal Index 1 | . . . . 1 . . . . . . . . . . . Recycling Unit Index 1 | . 1 . . . . . . . . . . . . . . Alert Level 1 | . . . . . . . . . . . 1 . . . . Unreport Threat 1 | . . . . 1 . . . . . . . . . . . Locate Traps 1 | . . . . . . . . . . . 1 . . . . Hauler Manifests 1 | . . . 1 . . . . . . . . . . . . Zone Layout 4 | . . . . 1 1 . 1 . . . . . . 1 . Derelict Proto ID Bank 1 | . . . . . . 1 . . . . . . . . . Fabricator Hacks 2 | . . . . . . . 2 . . . . . . . . Load Schematic 1 | . . . . . . . 1 . . . . . . . . Build 1 | . . . . . . . 1 . . . . . . . . Repair Station Hacks 4 | . . . . 4 . . . . . . . . . . . Scan Component 2 | . . . . 2 . . . . . . . . . . . Repair 2 | . . . . 2 . . . . . . . . . . . Recycling Unit Hacks . | . . . . . . . . . . . . . . . . Scanalyzer 6 | . . . 4 . . . 2 . . . . . . . . Insert Component 3 | . . . 2 . . . 1 . . . . . . . . Analyze 3 | . . . 2 . . . 1 . . . . . . . . Garrison Access Hacks . | . . . . . . . . . . . . . . . . Unauthorized Hacks 15 | . 3 . 1 1 7 . . . . . . . . 3 . Terminals 6 | . 1 . 1 1 . . . . . . . . . 3 . Botnet 5 | . 1 . 1 1 . . . . . . . . . 2 . Sabotage 1 | . . . . . . . . . . . . . . 1 . Fabricators . | . . . . . . . . . . . . . . . . Repair Stations . | . . . . . . . . . . . . . . . . Recycling Units 9 | . 2 . . . 7 . . . . . . . . . . Tunnel 9 | . 2 . . . 7 . . . . . . . . . . Scanalyzers . | . . . . . . . . . . . . . . . . Garrison Access . | . . . . . . . . . . . . . . . . Data Cores Recovered 1 | . . . . 1 . . . . . . . . . . . Used . | . . . . . . . . . . . . . . . . Hacking Detections 27 | . 3 . 4 6 1 . 5 . . 1 4 . . 1 2 Full Trace Events 4 | . 1 . 1 . . . 1 . . . . . . . 1 Feedback Events 1 | . . . 1 . . . . . . . . . . . . Corruption 1 | . . . 1 . . . . . . . . . . . . Feedback Blocked . | . . . . . . . . . . . . . . . . Robot Schematics Acquired . | . . . . . . . . . . . . . . . . Robots Built . | . . . . . . . . . . . . . . . . Authchips . | . . . . . . . . . . . . . . . . Time . | . . . . . . . . . . . . . . . . Total Robot Build Rating . | . . . . . . . . . . . . . . . . Part Schematics Acquired 40 | . . . 4 . . 3 13 2 1 1 7 2 . 2 5 Parts Built 1 | . . . . . . . 1 . . . . . . . . Authchips . | . . . . . . . . . . . . . . . . Time 169 | . . . . . . . 169 . . . . . . . . Total Part Build Rating 6 | . . . . . . . 6 . . . . . . . . Parts Repaired 2 | . . . . 2 . . . . . . . . . . . Time 64 | . . . . 64 . . . . . . . . . . . Parts Recycled . | . . . . . . . . . . . . . . . . Recycled Matter . | . . . . . . . . . . . . . . . . Retrieved Matter . | . . . . . . . . . . . . . . . . Retrieved Components . | . . . . . . . . . . . . . . . . Parts Scanalyzed 3 | . . . 2 . . . 1 . . . . . . . . Part Schematics Acquired 3 | . . . 2 . . . 1 . . . . . . . . Parts Damaged . | . . . . . . . . . . . . . . . . Bothacking | -11 -10 -10 -9 -9 -9 -9 -6 -6 -6 -5 -5 -5 -5 -5 -4 ------------ Run | Yrd Mat Min Mat Sto Rec Scr Fac Low Low Fac Ext Cet Arc Hub Fac Used RIF Installer . | . . . . . . . . . . . . . . . . Robots Hacked . | . . . . . . . . . . . . . . . . Non-combat . | . . . . . . . . . . . . . . . . Combat . | . . . . . . . . . . . . . . . . Robot Hacks Applied . | . . . . . . . . . . . . . . . . Relay Couplers Released 1 | . . . . . . . . . . . . . . 1 . Machine Destruction 1 | . . . . . . . . . . . . . . 1 . Fabnet Peak Effective % . | . . . . . . . . . . . . . . . . Robots Rewired 4 | . . . . . . . . . . . 4 . . . . Allies Hacked . | . . . . . . . . . . . . . . . . Hacks Repelled . | . . . . . . . . . . . . . . . . Allies | -11 -10 -10 -9 -9 -9 -9 -6 -6 -6 -5 -5 -5 -5 -5 -4 -------- Run | Yrd Mat Min Mat Sto Rec Scr Fac Low Low Fac Ext Cet Arc Hub Fac Total Allies 45 | . . . . 10 . 20 . . . . 10 5 . . . Largest Group 10 | . . . . 10 7 10 . . . . 8 7 7 6 . Highest-Rated Group 654 | . . . . 88 56 470 . . . . 358 654 654 514 . Highest-Rated Ally 159 | . . . . 16 8 50 . . . . 159 140 140 96 . Total Orders 3 | . . . . . 2 . . . . . . . . 1 . STAY 1 | . . . . . 1 . . . . . . . . . . ROAM 1 | . . . . . . . . . . . . . . 1 . FOLLOW 1 | . . . . . 1 . . . . . . . . . . Ally Attacks 323 | . . . . 42 . 44 . . . . 130 36 18 53 . Total Damage 7511 | . . . . 342 . 517 . . . . 3212 1095 592 1753 . Kills 66 | . . . . 8 . 9 . . . . 29 8 3 9 . Allies Corrupted 4 | . . . . . . . . . . . . . . 4 . Allies Melted . | . . . . . . . . . . . . . . . . Intel | -11 -10 -10 -9 -9 -9 -9 -6 -6 -6 -5 -5 -5 -5 -5 -4 ------- Run | Yrd Mat Min Mat Sto Rec Scr Fac Low Low Fac Ext Cet Arc Hub Fac Robot Analysis Total 9 | . 1 . 2 . . 6 . . . . . . . . . Derelict Logs Recovered 4 | . . 1 . . . . . 2 1 . . . . . . Drone Launches . | . . . . . . . . . . . . . . . . Drone Recoveries . | . . . . . . . . . . . . . . . . Exploration | -11 -10 -10 -9 -9 -9 -9 -6 -6 -6 -5 -5 -5 -5 -5 -4 ------------- Run | Yrd Mat Min Mat Sto Rec Scr Fac Low Low Fac Ext Cet Arc Hub Fac Turns Passed 27361 | 76 1169 328 500 1737 837 16704 1532 332 208 396 1033 344 65 364 1736 Spaces Moved 10067 | 46 731 277 235 875 499 4388 947 245 140 211 548 193 44 134 554 Core 6 | 6 . . . . . . . . . . . . . . . Treads 6464 | 40 262 . 235 875 499 4240 . . . . . 9 . 18 286 Legs . | . . . . . . . . . . . . . . . . Wheels 3597 | . 469 277 . . . 148 947 245 140 211 548 184 44 116 268 Hover . | . . . . . . . . . . . . . . . . Flight . | . . . . . . . . . . . . . . . . Fastest Speed 50 | 50 100 115 160 160 160 80 120 120 130 120 120 120 120 110 120 Average Speed 192 | 145 121 115 160 160 160 258 125 129 130 129 129 127 120 136 181 Slowest Speed 1040 | 160 160 115 160 160 160 1040 130 130 130 130 130 400 120 240 240 Overloaded Moves . | . . . . . . . . . . . . . . . . Propulsion Burnouts . | . . . . . . . . . . . . . . . . Robots Hopped . | . . . . . . . . . . . . . . . . Cave-ins Triggered . | . . . . . . . . . . . . . . . . Exploration Rate (%) 51 | 4 83 63 26 95 97 95 35 44 14 8 70 68 72 23 20 Regions Visited 15 Branch Regions 10 Pre-discovered Areas 9 | . 2 . . . 7 . . . . . . . . . . Known Exits Taken 5 | . 1 . 1 . . . 1 . . 1 . . . 1 . Unknown Exits Taken 10 | 1 . 1 . 1 1 1 . 1 1 . 1 1 1 . . Scrap Searched 15 | . . 1 . . . 11 . 3 . . . . . . . Spaces Dug 115 | . 9 . 42 . . 1 6 . . . . . . 12 45 Terrain Destroyed 1014 | . 30 . 83 11 . 153 209 1 28 113 58 11 3 72 242 Melee 1 | . . . . . . 1 . . . . . . . . . Projectile 571 | . . . 1 . . 152 125 1 28 94 58 11 3 18 80 AOE 440 | . 30 . 82 11 . . 82 . . 19 . . . 54 162 Terrain Rammed . | . . . . . . . . . . . . . . . . Walls Destroyed . | . . . . . . . . . . . . . . . . Machines Disabled . | . . . . . . . . . . . . . . . . Actions | -11 -10 -10 -9 -9 -9 -9 -6 -6 -6 -5 -5 -5 -5 -5 -4 --------- Run | Yrd Mat Min Mat Sto Rec Scr Fac Low Low Fac Ext Cet Arc Hub Fac Total 16794 | 53 909 284 304 1105 521 9409 1223 258 158 293 789 273 49 237 929 Wait 5145 | . 85 2 5 119 7 4405 156 4 9 27 143 9 2 35 137 Move 10052 | 45 730 276 234 874 498 4387 946 244 139 210 547 192 43 133 554 Hop . | . . . . . . . . . . . . . . . . Pick Up 219 | 2 19 2 7 9 . 136 8 2 . . . 17 . 9 8 Fast Attach 62 | 5 1 . 2 12 1 24 4 . . 1 2 5 . 4 1 Attach 86 | 1 . . 3 1 . 21 9 3 . 2 2 4 . 9 31 Detach 15 | . . . . . . 4 1 1 . . . 4 . . 5 Swap 64 | . 12 . 13 10 2 6 1 . . . 3 7 . 1 9 Drop 151 | . 8 2 8 24 3 70 4 1 . . 1 16 . 7 7 Fire 917 | . 51 2 30 54 7 327 92 3 10 53 54 18 4 39 173 Melee 47 | . . . . . . 29 . . . . 16 1 . . 1 Ram 3 | . 1 . . . . . 2 . . . . . . . . Kick . | . . . . . . . . . . . . . . . . Crush 12 | . 2 . 2 2 3 . . . . . . . . . 3 Escape Stasis . | . . . . . . . . . . . . . . . . Rewire 21 | . . . . . . . . . . . 21 . . . . Trap . | . . . . . . . . . . . . . . . . Miscellaneous . | . . . . . . . . . . . . . . . . Route ------- -11/Scrapyard -10/Materials (discovered 4 exits: *Mat x2 / *Min / [*Sub]) -10/Mines -9/Materials (discovered 3 exits: Min x2 / *Sto) -9/Storage (discovered 2 exits: [*Mat] / *Rec) -9/Recycling (discovered 2 exits: [*Fac] / *Scr) -9/Scraptown (discovered 2 exits: *Fac x2) -6/Factory (discovered 4 exits: *Fac x2 / *Low x2) -6/Lower Caves -6/Lower Caves -5/Factory (discovered 4 exits: Fac x2 / Upp / *Ext) -5/Extension (discovered 2 exits: *Fac / *Cet) -5/Cetus (discovered 2 exits: *Fac / [*Arc]) -5/Archives -5/Hub_04(d) (discovered 4 exits: *Fac x4) -4/Factory History --------- Turn | Location | Event 8 | -11/Scrapyard | Discovered new exit (range 14) 77 | -11/Scrapyard | Entered Materials 283 | -10/Materials | Central database locked down 306 | -10/Materials | Build established: Mutant 455 | -10/Materials | Identified exit to Mines 808 | -10/Materials | Discovered new exit (range 11) 1173 | -10/Materials | Discovered new exit (range 12) 1225 | -10/Materials | Discovered new exit (range 13) 1246 | -10/Materials | Entered Mines 1369 | -10/Mines | Learned 4 Materials zone layouts 1375 | -10/Mines | Received a Rocket Launcher from a helpful Derelict 1488 | -10/Mines | Discovered new exit (range 8) 1523 | -10/Mines | Found a hidden stash of uninstalled traps 1574 | -10/Mines | Entered Materials 1574 | -9/Materials | Evolved 2 slots: Propulsion x1, Weapon x1 1575 | -9/Materials | Identified exit to Mines 1883 | -9/Materials | Identified exit to Storage 1886 | -9/Materials | Build established: Gunner 2074 | -9/Materials | Entered Storage 2613 | -9/Storage | Repaired Disposable Heat Sink 2803 | -9/Storage | Discovered new exit (range 15) 3000 | -9/Storage | Discovered new exit (range 13) 3128 | -9/Storage | Repaired Rocket Launcher 3385 | -9/Storage | Assisted by bots powering up and referring to "LRC-V3" 3674 | -9/Storage | First assault squad dispatched 3679 | -9/Storage | Build established: Commander-Gunner 3800 | -9/Storage | Used back door to open Recycling access 3811 | -9/Storage | Entered Recycling 3811 | -9/Recycling | Accompanied by 7 allies 3898 | -9/Recycling | Scanned before Scraplab entrance 4121 | -9/Recycling | Discovered new exit (range 5) 4626 | -9/Recycling | Entered Scraplab 4638 | -9/Recycling | Discovered new exit (range 3) 4648 | -9/Recycling | Entered Scraptown 4648 | -9/Scraptown | Accompanied by 7 allies 4648 | -9/Scraptown | System corruption cleaned by C-Scrubber 5063 | -9/Scraptown | Discovered new exit (range 7) 5145 | -9/Scraptown | Heard Great Nut preacher, LISTEN AND RECITE! 5177 | -9/Scraptown | Visited TADAMA 5228 | -9/Scraptown | Visited Symbiants 5260 | -9/Scraptown | Visited Bundlers 5359 | -9/Scraptown | Visited Spacefarers 5669 | -9/Scraptown | Visited Assassins FH 5722 | -9/Scraptown | Visited Cyclists 5830 | -9/Scraptown | Attacked by Scraptown defenders 5833 | -9/Scraptown | Destroyed Triborg 5840 | -9/Scraptown | Found Prototype Ballistic Cannon 5848 | -9/Scraptown | Found Tri-treads 5851 | -9/Scraptown | Identified Siege Cannon 5889 | -9/Scraptown | Lost 7 allies 5892 | -9/Scraptown | Found Tri-treads 5977 | -9/Scraptown | Destroyed 10 combat bots 6173 | -9/Scraptown | Build established: Tank 7030 | -9/Scraptown | Found Siege Articulator 7336 | -9/Scraptown | Build established: Scavenger-Tank 7871 | -9/Scraptown | Build established: Scavenger-Skirmisher 8482 | -9/Scraptown | Destroyed 25 combat bots 8566 | -9/Scraptown | Destroyed 10 combat bots 10632 | -9/Scraptown | Visited Analyses Database 10903 | -9/Scraptown | Core integrity fell below 50% 11014 | -9/Scraptown | Visited Scrapoid Pod Storage 11049 | -9/Scraptown | Visited Science Guys 11105 | -9/Scraptown | Visited Research Penetration Think Tank 11134 | -9/Scraptown | Visited DA-N13 Charitable Foundation 11149 | -9/Scraptown | Found DCF Scrap (30 items) 11171 | -9/Scraptown | Visited Derelict Rescue Squad 11189 | -9/Scraptown | Found DRS Beacon 11225 | -9/Scraptown | Visited Scrap Suit Storage 11265 | -9/Scraptown | Visited Curators Association 11283 | -9/Scraptown | Found Prototype Storage 11316 | -9/Scraptown | Visited Science Testing Area 11584 | -9/Scraptown | Found Prototype Wheel 11591 | -9/Scraptown | Found Prototype Slashing Weapon 11592 | -9/Scraptown | Identified DM-GVY's Chainsaw 11624 | -9/Scraptown | Found Deploy-a-Sentry 11785 | -9/Scraptown | Found Scrapoid Pod 11846 | -9/Scraptown | Found Thermal Lance 11894 | -9/Scraptown | Found Scrapoid Pod 11915 | -9/Scraptown | Build established: Scavenger-Mutant 12244 | -9/Scraptown | Scrapoid Pod released 09S05-D (x5) 12491 | -9/Scraptown | Scrapoid Pod released 09S10-D (x5) 12605 | -9/Scraptown | Found Scrap Suit 12649 | -9/Scraptown | Murdered 9 allies 12744 | -9/Scraptown | Identified Vmp. Humpback 13071 | -9/Scraptown | Build established: Hauler-Mutant 14128 | -9/Scraptown | Tech Extrapolator generated special schematic: Machine Rigger 14277 | -9/Scraptown | Build established: Scavenger-Mutant 14962 | -9/Scraptown | Build established: Hauler-Mutant 15553 | -9/Scraptown | Discovered new exit (range 5) 15807 | -9/Scraptown | Entered Cyclist Reading Room 15903 | -9/Scraptown | Build established: Scavenger-Mutant 16418 | -9/Scraptown | Build established: Hauler-Mutant 16617 | -9/Scraptown | Found Siege Articulator 16630 | -9/Scraptown | Found Siege Articulator 17435 | -9/Scraptown | Found Scrapoid Pod 17720 | -9/Scraptown | Scrapoid Pod released 09S15-D (x5) 17737 | -9/Scraptown | Found Scrap Suit 17904 | -9/Scraptown | Found Scrapoid Pod 18244 | -9/Scraptown | Scrapoid Pod released 09S20-D (x5) 18252 | -9/Scraptown | Found Scrap Suit 18323 | -9/Scraptown | Murdered 4 allies 18631 | -9/Scraptown | Build established: Hauler-Gunner 19983 | -9/Scraptown | Found Scrap Suit 20006 | -9/Scraptown | Found Scrap Suit 21352 | -9/Scraptown | Entered Factory 21352 | -6/Factory | Evolved 6 slots: Propulsion x1, Utility x5 21353 | -6/Factory | Identified Ballwheel 21456 | -6/Factory | Discovered new exit (range 12) 21647 | -6/Factory | Build established: Scavenger-Scrapper 22253 | -6/Factory | Tech Extrapolator generated special schematic: Vmp. Brace Plating 22392 | -6/Factory | Discovered new exit (range 16) 22402 | -6/Factory | First assault squad dispatched 22434 | -6/Factory | Identified exit to Lower Caves 22636 | -6/Factory | Destroyed 8 combat bots 22848 | -6/Factory | Core integrity fell below 50% 22855 | -6/Factory | Fabricated Vmp. Brace Plating (x1) 22884 | -6/Factory | Entered Lower Caves 22889 | -6/Lower Caves | Lost 4 parts (1p3w) 22937 | -6/Lower Caves | Learned 8 Factory zone layouts 22992 | -6/Lower Caves | Attracted the attention of an 0b10 checkpoint 23110 | -6/Lower Caves | Build established: Hauler-Scrapper 23129 | -6/Lower Caves | Encountered a Warlord checkpoint 23134 | -6/Lower Caves | Discovered new exit (range 9) 23159 | -6/Lower Caves | Learned 4 Factory zone layouts 23216 | -6/Lower Caves | Entered another Lower Caves area 23235 | -6/Lower Caves | Encountered a Warlord checkpoint 23235 | -6/Lower Caves | Learned Factory trap positions 23285 | -6/Lower Caves | Discovered new exit (range 15) 23424 | -6/Lower Caves | Entered Factory 23424 | -5/Factory | Evolved 2 slots: Utility x2 23425 | -5/Factory | Identified exit to Factory 23425 | -5/Factory | Identified exit to Upper Caves 23425 | -5/Factory | Identified exit to Extension 23426 | -5/Factory | Loaded intel: 100 trap records 23706 | -5/Factory | Tech Extrapolator generated special schematic: Energy Deflector 23731 | -5/Factory | Build established: Scavenger-Scrapper 23772 | -5/Factory | Garrison activated, responded to threat 23820 | -5/Factory | Entered Extension 24046 | -5/Extension | Rescued a captive Derelict 24094 | -5/Extension | Rescued a captive Derelict 24120 | -5/Extension | First assault squad dispatched 24211 | -5/Extension | Build established: Hauler-Scrapper 24215 | -5/Extension | Rescued a captive Derelict 24215 | -5/Extension | Rescued a captive Derelict 24234 | -5/Extension | Rescued A7 24607 | -5/Extension | Lost 3 allies 24639 | -5/Extension | Spotted B-75 Beast 24652 | -5/Extension | Destroyed B-75 Beast 24665 | -5/Extension | Spotted B-75 Beast 24670 | -5/Extension | Destroyed B-75 Beast 24745 | -5/Extension | Disrupted transfer network 24750 | -5/Extension | Build established: Scavenger-Scrapper 24752 | -5/Extension | Core integrity fell below 50% 24830 | -5/Extension | Discovered new exit (range 15) 24831 | -5/Extension | Discovered exit to Factory (range 15) 24853 | -5/Extension | Entered Cetus 24853 | -5/Cetus | Accompanied by 3 allies (A7) 24858 | -5/Cetus | Acquired a Cetus Manufacturing Module code from A7 24871 | -5/Cetus | Spotted Cetus Guard 24871 | -5/Cetus | Spotted Cetus Guard 24872 | -5/Cetus | Spotted Cetus Guard 24873 | -5/Cetus | Spotted Cetus Guard 24887 | -5/Cetus | Allies destroyed Cetus Guard 24890 | -5/Cetus | Allies destroyed Cetus Guard 24890 | -5/Cetus | Allies destroyed Cetus Guard 24898 | -5/Cetus | Allies destroyed Cetus Guard 25013 | -5/Cetus | Started Cetus Manufacturing Module 25032 | -5/Cetus | Escorted A7 to Cetus Mainframe 25038 | -5/Cetus | Manufactured an Enhanced Grunt 25063 | -5/Cetus | Manufactured an Enhanced Grunt 25069 | -5/Cetus | Discovered new exit (range 16) 25088 | -5/Cetus | Manufactured an Enhanced Grunt 25089 | -5/Cetus | Spotted Cetus Guard 25089 | -5/Cetus | Spotted Cetus Guard 25092 | -5/Cetus | Spotted Cetus Guard 25096 | -5/Cetus | Destroyed Cetus Guard 25098 | -5/Cetus | Allies destroyed Cetus Guard 25102 | -5/Cetus | Allies destroyed Cetus Guard 25103 | -5/Cetus | Spotted Cetus Guard 25106 | -5/Cetus | Destroyed Cetus Guard 25113 | -5/Cetus | Manufactured an Enhanced Grunt 25114 | -5/Cetus | Discovered exit to Factory (range 15) 25124 | -5/Cetus | Met Revision 17 25138 | -5/Cetus | Manufactured an Enhanced Grunt 25197 | -5/Cetus | Entered Archives 25197 | -5/Archives | Accompanied by 7 allies (A7) 25202 | -5/Archives | Received a hacking code to weaken MAIN.C 25239 | -5/Archives | Discovered new exit (range 15) 25262 | -5/Archives | Entered Hub_04(d) 25262 | -5/Hub_04(d) | Accompanied by 6 allies 25270 | -5/Hub_04(d) | Network Hub disabled 25288 | -5/Hub_04(d) | Garrison activated, responded to threat 25301 | -5/Hub_04(d) | Spotted Lightning 25305 | -5/Hub_04(d) | Spotted Lightning 25313 | -5/Hub_04(d) | Spotted Lightning 25346 | -5/Hub_04(d) | Destroyed Lightning 25358 | -5/Hub_04(d) | Core integrity fell below 20% 25362 | -5/Hub_04(d) | Lost 3 allies 25392 | -5/Hub_04(d) | System corruption reached 10% 25403 | -5/Hub_04(d) | Destroyed Lightning 25430 | -5/Hub_04(d) | Destroyed 7 combat bots 25437 | -5/Hub_04(d) | Found Prototype Energy Cannon 25452 | -5/Hub_04(d) | Found Prototype Device 25452 | -5/Hub_04(d) | Identified Exp. EM Disruption Field 25473 | -5/Hub_04(d) | Found Exp. Targeting Computer 25562 | -5/Hub_04(d) | First assault squad dispatched 25626 | -5/Hub_04(d) | Entered Factory 25626 | -4/Factory | Evolved 2 slots: Propulsion x2 25659 | -4/Factory | Build established: Scavenger-Tank 25926 | -4/Factory | First assault squad dispatched 26161 | -4/Factory | Lost 4 parts (1p1n2w) 26358 | -4/Factory | Core integrity fell below 50% 26394 | -4/Factory | System corruption reached 10% 26789 | -4/Factory | Cargo convoy interrupted 26793 | -4/Factory | Spotted Striker 26793 | -4/Factory | Spotted Striker 26810 | -4/Factory | Destroyed Striker 26817 | -4/Factory | Destroyed Striker 26851 | -4/Factory | Lost 6 parts (1n3u2w) 26859 | -4/Factory | Destroyed 20 combat bots 27035 | -4/Factory | Core integrity fell below 20% 27052 | -4/Factory | High security lockdown imminent 27102 | -4/Factory | Destroyed 9 combat bots 27132 | -4/Factory | High security lockdown engaged 27162 | -4/Factory | Garrison activated, responded to threat 27187 | -4/Factory | Spotted B-86 Titan 27229 | -4/Factory | Identified EMDS 27349 | -4/Factory | Lost 5 parts (2u3w) 27353 | -4/Factory | Destroyed 7 combat bots 27362 | -4/Factory | Destroyed by G-73 Enforcer with Phase Gun Last Messages --------------- 27350_ L-61 Swordsman unfolds itself. 27350_ E-15 Imp unfolds itself. 27352_ Slug penetrates L-61 Swordsman. 27352_ L-61 Swordsman suffers critical hit (Destroy). 27352_ Destroyed Flexi-carbon Leg. 27353_ Acquired 12 matter. 27355_ System corrupted: Adv. KE Penetrator jammed. 27355_ Slug penetrates L-61 Swordsman. 27356_ Acquired 8 matter. 27357_ System corrupted: Matter fused (-8). 27357_ Acquired 8 matter. 27357_ Vmp. Humpback cannibalizes 13 core integrity to repair itself (+26). 27359_ Adv. KE Penetrator blown off. 27359_ Siege Articulator blown off. 27359_ Quantum Reactor blown off. 27359_ Thermal Lance blown off. 27359_ E-15 Imp destroyed. Map ----- +----------------------------------------------------+ | | | | | | | ???????????????????????????????###########???????? | | ??????????????????????##???????# * #???????? | | ??????????????????????# ???????# #???????? | | ????????????###########"#;###??# #???????? | | ????????????# #??# [[ ????????? | | ????######### ####;###+#%###!####### | | [ = *! ![ !![%*%=%%[ | | ! [%!=% =!############# | | !!! =% ! !*=%% *##########?## | | ? !!! ![[ """ #####"% [ """T"? | | ? !! %[ """ ?????#[ " "" | | ?? """ ??????# | | ?? ** ??????# ! | | ?? ? ? ?*! ???????# =% | | ????????? ???????## [ % = | | ????????? ?????????# = % % [ | | ?????????# # ?????????# | | ?????????# # ??????????# | | ?????????##?##??????????# = | | ????????????????????????# %! =% | | ????????????????????????#!gggb/ = | | ????????????????????????#l%l | | ????????????????????????#@########/############# | | ????????????????????????#%#??????????????????????? | | ????????????????????????*=/??????????????????????? | | ???????????????????????#*%#??????????????????????? | | ??????????????????????# /!#??????????????????????? | | ?????????????????????# ## #??????????????????????? | | ?????????????????????# ? ??????????????????????? | | ?????????????????????#??C #??????????????????????? | | ???????????????????????? #??????????????????????? | | ???????????????????????? #??????????????????????? | | ????????????????????????% #??????????????????????? | | ???????????????????????? #??????????????????????? | | ??????????????????????? #??????????????????????? | | ??????????????????????? ???????????????????????? | | ???????????????????????% ???????????????????????? | | ???????????????????????" ???????????????????????? | | ??????????????????????? ???????????????????????? | | ??????????????????????? ???????????????????????? | | ?????????????????????? ???????????????????????? | | ?????????????????????? ???????????????????????? | | ?????????????????????? ???????????????????????? | | ??????????????????????? ???????????????????????? | | ?????????????????????????????????????????????????? | | ?????????????????????????????????????????????????? | | ?????????????????????????????????????????????????? | +----------------------------------------------------+ Best States ------------- Heat Dissipation 150 Coolant Potential 100 Energy Generation 31 Energy Capacity 350 Matter Stores 300 Matter Capacity 300 Sight Range 22 Terrain Scan Density 10 Power Amplification 30 Armor Coverage 2100 Resistance: EM 75 Weapon Shielding 15 Evasion (%) 44 Targeting Accuracy 12 Core Analysis 6 Recoil Reduction 6 Item Schematics ----------------- Com. Wheel | -9/Materials | Scanalyzed Assault Rifle | -9/Materials | Scanalyzed Huge Storage Unit | -9/Materials | Hacked Targeting Computer | -9/Materials | Hacked Spk. Treads | -9/Scraptown | Extrapolated Machine Rigger | -9/Scraptown | Extrapolated Barrage Gun | -9/Scraptown | Extrapolated 0b10 Decoder Chip [Scout] | -6/Factory | Extrapolated Mak. Light Armor Plating | -6/Factory | Extrapolated Mak. Coolant Network | -6/Factory | Extrapolated Mak. Leg | -6/Factory | Extrapolated Spk. Medium Treads | -6/Factory | Extrapolated 0b10 Decoder Chip [Generic] | -6/Factory | Extrapolated 0b10 Decoder Chip [Skirmisher] | -6/Factory | Extrapolated Tactical Coordination Suite | -6/Factory | Extrapolated Beamcaster | -6/Factory | Extrapolated Vmp. Brace Plating | -6/Factory | Extrapolated CPS Tube | -6/Factory | Scanalyzed Enh. Flamer | -6/Factory | Extrapolated Bore Cannon | -6/Factory | Extrapolated Mak. Power Source | -6/Lower Caves | Extrapolated Multitool | -6/Lower Caves | Extrapolated Mak. Trap Scanner | -6/Lower Caves | Extrapolated Energy Deflector | -5/Factory | Extrapolated Hvy. Beamcaster | -5/Extension | Extrapolated Mak. Core Shielding | -5/Extension | Extrapolated Mak. Hacking Suite | -5/Extension | Extrapolated Mak. Propulsion Shielding | -5/Extension | Extrapolated Mak. Medium Armor Plating | -5/Extension | Extrapolated Mak. Thermal Plating | -5/Extension | Extrapolated Mak. Ablative Armor | -5/Extension | Extrapolated Mak. System Restoration Module | -5/Cetus | Extrapolated Mak. System Shield | -5/Cetus | Extrapolated Mak. Heavy Armor Plating | -5/Hub_04(d) | Extrapolated Mak. Targeting Computer | -5/Hub_04(d) | Extrapolated Mak. Flight Unit | -4/Factory | Extrapolated Mak. Sensor Array | -4/Factory | Extrapolated Mak. Shrapnel Gun | -4/Factory | Extrapolated Mak. Terrain Scan Processor | -4/Factory | Extrapolated Spk. Heavy Treads | -4/Factory | Extrapolated Robot Schematics ------------------ None Fabricated ------------ Vmp. Brace Plating | x1 | -6/Factory Alien Tech Used ----------------- None Achievements -------------- None Challenges ------------ None Game ------ Seed AngularGunSystem Manual? 0 Play Time 02:29:03 Cumulative 870.5 hours Start 2024.08.07 @ 13:49:28 End 2024.08.07 @ 16:27:00 Sessions 1 Manual Loads 0 Difficulty Rogue Special Mode None Game No. 545 Rogue 538 Adventurer 0 Explorer 7 Win Type - Total 58 Types 21/6/20/2/0/1/6/1/1 Lore% 75 Gallery% 93 Achievement% 84 Wizard Run 0 Options --------- Layout 2 ASCII 0 Keyboard 0 Movement Numpad Keybinds 0 Fullscreen 1 Font 24/Tamsyn Map View 50x44 Zoom Use 0% Tactical HUD 1 Map Filters NONE Filters NONE Steam 1 RUN: cba7f450-d624-4549-8032-9f2c22154abe